 Dungeon Crawl Stone Soup version 0.26-a0-646-g5d7718319a (webtiles) character file.

Game seed: 15901979724251161725

135 KristoblXynda the Slasher (level 4, -3/38 HPs)
             Began as a Draconian Fighter on Sept 24, 2020.
             Slain by a gnoll
             ... wielding a +0 halberd
              (16 damage)
             ... on level 3 of the Dungeon.
             The game lasted 00:02:57 (2964 turns).

KristoblXynda the Slasher (Draconian Fighter)       Turns: 2964, Time: 00:02:57

Health: -3/38      AC:  5    Str: 18    XL:     4   Next: 96%
Magic:  4/4        EV: 11    Int:  9    God:
Gold:   106        SH:  9    Dex: 11    Spells: 3/3 levels left

rFire    . . .     SeeInvis .   a - +0 long sword
rCold    . . .     Faith    .   b - +0 kite shield
rNeg     . . .     Spirit   .   (armour unavailable)
rPois    .         Reflect  .   (helmet restricted)
rElec    .         Harm     .   (no cloak)
rCorr    .         Rampage  .   (no gloves)
MR       .....                  (no boots)
Stlth    +.........             (no amulet)
HPRegen  0.12/turn              (no ring)
MPRegen  0.09/turn              (no ring)

@: no status effects
A: unfitting armour, cold-blooded, AC +5
a: no special abilities


You were on level 3 of the Dungeon.
You visited 1 branch of the dungeon, and saw 3 of its levels.

You collected 106 gold pieces.

Inventory:

Hand Weapons
 a - a +0 long sword (weapon)
Armour
 b - a +0 kite shield (worn)
Jewellery
 h - an uncursed ring of fire
Scrolls
 e - a scroll of remove curse {unknown}
 f - a scroll of enchant armour {unknown}
 g - a scroll of teleportation {unknown}
 i - a scroll of fear {unknown}
 k - a scroll of identify {unknown}
Potions
 c - 2 potions of might
 d - a potion of lignification
 j - 2 potions of heal wounds {unknown}
 l - a potion of brilliance {unknown}
 m - a potion of curing {unknown}


   Skills:
 - Level 3.2 Fighting
 * Level 3.9 Long Blades
 + Level 3.4 Dodging
 + Level 3.8 Shields


You had 3 spell levels left.
You didn't know any spells.
Your spell library contained the following spells:

 Spells                   Type           Power        Failure   Level
 Confusing Touch          Hex            #.......     99%         3
 Gell's Gravitas          Tloc           #.........   99%         3
 Petrify                  Tmut/Erth      #.......     100%        4
 Metabolic Englaciation   Hex/Ice        #.........   100%        5
 Yara's Violent Unravell  Hex/Tmut       #.........   100%        5


Dungeon Overview and Level Annotations

Branches:
Dungeon (3/15)

Altars:


Innate Abilities, Weirdness & Mutations

Your plain brown scales are hard. (AC +5)
You cannot fit into any form of body armour.
You are cold-blooded and may be slowed by cold attacks.


Message History

You tail-slap the gnoll, but do no damage.
The gnoll is lightly wounded.
The gnoll hits you with a +0 spear.
The gnoll hits you from afar with a +0 halberd!
You hit the gnoll but do no damage. You tail-slap the gnoll.
The gnoll is moderately wounded.
The gnoll barely misses you.
The gnoll hits you from afar with a +0 halberd.
You barely miss the gnoll.
The gnoll is moderately wounded.
You block the gnoll's attack.
The gnoll hits you from afar with a +0 halberd!
The gnoll hits you with a +0 spear.
You hit the gnoll.
The gnoll is severely wounded.
The gnoll hits you but does no damage. x2
You hit the gnoll.
The gnoll is almost dead.
The gnoll hits you from afar with a +0 halberd!
You die...

.# ##.....## ##...#
#..# .# ##...## ##.##
#.## .# ##'## #.# #.#
.# #.# #.# #.# ##
##.### #># #.#
######....# #.# #.#
..........### #.# #.#
#####.......#######.#
#.#
#####........ggg@...#
#.##
#...#.......#########
#... ..#.........#
#### #...#.......#
#####.......#
#####.......#
......#.#####
#######.# #.#


You could see 3 gnolls.

Vanquished Creatures
  A hound (D:2)
  A gnoll (D:3)
  4 adders (D:3)
  A worm (D:3)
  2 dart slugs (D:1)
  A leopard gecko (D:1)
  6 bats
  3 giant cockroaches
  4 goblins
  7 hobgoblins
  4 jackals (D:1)
  3 quokkas (D:3)
  2 ball pythons
  A frilled lizard (D:1)
  5 kobolds
  4 rats
49 creatures vanquished.

Notes
Turn   | Place    | Note
-------+----------+-------------------------------------------
     0 | D:1      | KristoblXynda the Draconian Fighter began the quest for the
                  | Orb.
     0 | D:1      | Reached XP level 1. HP: 19/19 MP: 1/1
   222 | D:1      | Reached XP level 2. HP: 26/26 MP: 2/2
   899 | D:2      | Reached XP level 3. HP: 31/31 MP: 3/3
  1570 | D:3      | Reached XP level 4. HP: 16/38 MP: 4/4
  2964 | D:3      | Slain by a gnoll

Illustrated notes

Levels and vault maps discovered:
D:1:      roderic_dead_forest, layout_basic
D:2:      layout_rooms
D:3:      layout_loops_corners

Skill      XL: |  1  2  3 |
---------------+----------+-----
Dodging        | 3 |  3.4
Long Blades    | 3 |  3.9
Fighting       | |  3.2
Shields        | |  3.8

Action                   |  1- 3 |  4- 6 || total
-------------------------+-------+-------++-------
Melee: Long sword        |   121 |    55 ||   176
       Tailslap          |    11 |     3 ||    14
  Use: Potion            |       |     1 ||     1
 Stab: Sleeping          |     3 |     1 ||     4
Armor: Skin              |    31 |    18 ||    49
Dodge: Dodged            |    53 |    26 ||    79
Block: Kite shield       |    66 |    32 ||    98
       Rpst.: Long sword |    13 |     8 ||    21

Table legend: (Time is in decaauts)
 A = Elapsed time spent in this place.
 B = Non-inter-level travel time spent in this place.
 C = Inter-level travel time spent in this place.
 D = Time resting spent in this place.
 E = Time spent auto-exploring this place.
 F = Levels seen in this place.
 G = Mean time per level.
                   A        B        C        D        E       F      G
               +--------+--------+--------+--------+--------+-----+--------+
         Total |   3018 |   2896 |    122 |    810 |   1500 |   3 | 1006.0 |
       Dungeon |   3018 |   2896 |    122 |    810 |   1500 |   3 | 1006.0 |
               +--------+--------+--------+--------+--------+-----+--------+

Top non-repeatable levels by time:
     D:3: 1274 daAuts
     D:1: 906 daAuts
     D:2: 837 daAuts
